 Dungeon Crawl Stone Soup version 0.24.1-11-gbbbb2193e6 (webtiles) character file.

Game seed: 14236366962580742809, levelgen mode: deterministic

76171 Kaiern the Slayer (level 15, 0/162 HPs)
             Began as a Hill Orc Fighter on May 9, 2020.
             Was the Champion of Makhleb.
             Slain by Jots's ghost (13 damage)
             ... on level 11 of the Dungeon on May 10, 2020.
             The game lasted 02:55:52 (31712 turns).

Kaiern the Slayer (Hill Orc Fighter)               Turns: 31712, Time: 02:55:53

Health: 0/162      AC: 23    Str: 26    XL:     15   Next: 52%
Magic:  0/15       EV:  5    Int:  8    God:    Makhleb [******]
Gold:   1397       SH:  8    Dex: 10    Spells: 14/14 levels left

rFire    . . .     SeeInvis +   C - +1 demon trident (vamp)
rCold    . . .     Gourm    .   c - +0 shield
rNeg     . . .     Faith    .   L - +3 chain mail {rPois}
rPois    +         Spirit   +   M - +0 helmet {SInv}
rElec    .         Reflect  .   j - +1 cloak
rCorr    .         Harm     .   v - +0 pair of gloves
MR       +....                  A - +1 pair of boots
Stlth    ..........             S - amulet of guardian spirit
HPRegen  0.37/turn              b - +6 ring of protection
MPRegen  0.14/turn              O - ring of flight

@: slowed, extremely drained, very slow
A: no striking features
a: Minor Destruction, Lesser Servant of Makhleb, Major Destruction, Greater
Servant of Makhleb, Renounce Religion, Evoke Flight


You were on level 11 of the Dungeon.
You worshipped Makhleb.
Makhleb was exalted by your worship.
You were not hungry.

You visited 4 branches of the dungeon, and saw 23 of its levels.

You collected 2255 gold pieces.
You spent 858 gold pieces at shops.

Inventory:

Hand Weapons
 a - a +3 war axe of freezing
 w - a +3 hand axe of flaming
 C - a +1 vampiric demon trident (weapon)
Missiles
 x - 46 poisoned darts (quivered)
Armour
 c - a +0 shield (worn)
 j - a +1 cloak (worn)
 v - a +0 pair of gloves (worn)
 A - a +1 pair of boots (worn)
 L - a +3 chain mail of poison resistance (worn)
 M - a +0 helmet of see invisible (worn)
 Q - the +3 hat of Pondering {ponderous, MR+ MP+10 Int+5}
   (You took it off Gastronok on level 2 of the Lair of Beasts)

   It affects your intelligence (+5).
   It affects your resistance to hostile enchantments.
   It affects your magic capacity (+10).
 W - a +2 plate armour of cold resistance
Jewellery
 b - a +6 ring of protection (left hand)
 o - an uncursed ring of see invisible
 q - a cursed amulet of harm {unknown}
 D - an uncursed amulet of regeneration
 E - a +3 ring of protection
 O - a ring of flight (right hand)
 R - an uncursed ring of fire
 S - an amulet of guardian spirit (around neck)
 Y - an uncursed ring of protection from cold
Wands
 g - a wand of digging (9)
 H - a wand of paralysis (21)
 I - a wand of polymorph (11)
 T - a wand of random effects (10)
Scrolls
 h - 3 scrolls of identify
 i - 8 scrolls of teleportation
 m - 3 scrolls of enchant armour
 n - 4 scrolls of amnesia
 p - 3 scrolls of fear
 s - 3 scrolls of fog
 u - 6 scrolls of remove curse
 y - 2 scrolls of enchant weapon
 z - 2 scrolls of blinking
 K - 2 scrolls of silence
 X - a scroll of magic mapping
Potions
 d - 2 potions of might
 e - 4 potions of flight
 k - 2 potions of resistance
 l - 4 potions of magic
 r - 12 potions of curing
 t - a potion of invisibility
 B - a potion of heal wounds
 G - a potion of brilliance
 N - 4 potions of berserk rage
 P - 3 potions of lignification
 U - 3 potions of haste
 V - a potion of ambrosia
Comestibles
 f - 26 rations


   Skills:
 + Level 22.4(10.3) Fighting
 - Level 16.0(5.3) Axes
 - Level 7.0(0.0) Armour
 - Level 5.0(0.0) Dodging
 - Level 10.0(0.7) Shields


You had 14 spell levels left.
You didn't know any spells.
Your spell library contained the following spells:

 Spells                   Type           Power        Failure   Level  Hunger
 Flame Tongue             Conj/Fire      #....        100%        1    ##.....
 Infusion                 Chrm           #...         100%        1    ##.....
 Magic Dart               Conj           #...         100%        1    ##.....
 Sandblast                Erth           #.....       100%        1    ##.....
 Blink                    Tloc           N/A          100%        2    ###....
 Passwall                 Tmut/Erth      #.......     100%        2    ###....
 Searing Ray              Conj           #.....       100%        2    ###....
 Shroud of Golubria       Chrm/Tloc      #.....       100%        2    ###....
 Song of Slaying          Chrm           #.......     100%        2    ###....
 Throw Flame              Conj/Fire      #.....       100%        2    ###....
 Conjure Flame            Conj/Fire      #.......     100%        3    ####...
 Dazzling Spray           Conj/Hex       #.....       100%        3    ####...
 Inner Flame              Hex/Fire       #.......     100%        3    ####...
 Recall                   Summ/Tloc      N/A          100%        3    ####...
 Regeneration             Chrm/Necr      #.........   100%        3    ####...
 Spectral Weapon          Hex/Chrm       #.......     100%        3    ####...
 Static Discharge         Conj/Air       #.......     100%        3    ####...
 Stone Arrow              Conj/Erth      #.....       100%        3    ####...
 Force Lance              Conj/Tloc      #.......     100%        4    #####..
 Fulminant Prism          Conj/Hex       #.........   100%        4    #####..
 Iskenderun's Mystic Bla  Conj           #.......     100%        4    #####..
 Petrify                  Tmut/Erth      #.......     100%        4    #####..
 Sticky Flame             Conj/Fire      #.......     100%        4    #####..
 Throw Icicle             Conj/Ice       #.......     100%        4    #####..
 Fireball                 Conj/Fire      #.........   100%        5    ######.
 Lee's Rapid Deconstruct  Erth           #.........   100%        5    ######.
 Lightning Bolt           Conj/Air       #.........   100%        5    ######.
 Ignition                 Fire           #.........   100%        8    #######
 Shatter                  Erth           #.........   100%        9    #######
 Tornado                  Air            #.........   100%        9    #######


Dungeon Overview and Level Annotations

Branches:
Dungeon (14/15)            Temple (0/1) D:7            Lair (6/6) D:10
  Swamp (1/4) Lair:3        Snake (0/4) Lair:2        Slime (0/5) Lair:6
    Orc (2/2) D:12            Elf (0/3) Orc:2        Vaults (0/5) D:13

Altars:
Cheibriados
Elyvilon
Fedhas
Gozag
Hepliaklqana
Makhleb
Qazlal
Ru
Sif Muna
Trog
Uskayaw
Wu Jian
Xom
Beogh
Jiyva

Shops:
D:6 }   Orc:2 !:(?

Portals:
Hell: Lair:6

Annotations:
D:4 Ijyb
D:11 Jots's ghost, journeyman NaBe
Lair:1 exclusion: 3 oklob plants
Lair:6 1 runed translucent door


Message History

* * * LOW HITPOINT WARNING * * *
The big kobold hits you with a +1 whip of draining.
* * * LOW HITPOINT WARNING * * *
You feel drained.
* * * LOW HITPOINT WARNING * * *
The big kobold hits you but does no damage.
You block Jots's ghost's attack.
Your blizzard demon barely misses the big kobold.
Your blizzard demon hits the big kobold!
The big kobold closely misses you.
The big kobold zaps a wand.
You are blasted!
* * * LOW HITPOINT WARNING * * *
You block Jots's ghost's attack. You block the big kobold's attack.
The big kobold hits you but does no damage.
Your blizzard demon hits the big kobold!
The big kobold dies!
Makhleb accepts your kill.
The big kobold hits you but does no damage.
The big kobold hits you but does no damage.
The big kobold barely misses you. Jots's ghost hits you!
You die...

#........#####......#.........
#.......##:($##.....#..#####'#
#......##.....##....#..#......
#......#≈.#.#.≈#....#..#......
#......#⌠.#.#.⌠#....#..#......
#.....##≈.#.#.≈#'##'#..#'#####
#..######.....##()(...........
#### #.##'''##..##########...
#.....2@KK.# #### #####.KWK).#
########


You could see 4 big kobolds, Jots's ghost and a friendly blizzard demon.

Vanquished Creatures
  Gastronok (Lair:2)
  Donald (Swamp:1)
  An orc warlord (Orc:1)
  A stone giant (Orc:2)
  Josephine (D:12)
  Erica (Orc:1)
  7 hydras
  5 two-headed ogres
  The ghost of peterlawrence the Basher, a novice MiFi of Okawaru (D:9)
  2 dancing weapons (D:13)
  4 death yaks
  4 orc high priests
  A sun demon (Lair:6)
  Nergalle (D:12)
  A fire crab (Lair:5)
  A wizard (Lair:6)
  The ghost of H0rd4k the Thaumaturge, a novice DEWz of Gozag (D:8)
  5 orc knights
  6 orc sorcerers
  A deep elf mage (D:12)
  3 elephants
  3 ugly things (D:13)
  3 black mambas
  Maurice (D:10)
  11 spiny frogs
  2 gargoyles
  Psyche (D:10)
  2 centaur skeletons
  5 rime drakes
  2 kobold demonologists (D:11)
  9 komodo dragons
  2 ice devils (Lair:6)
  A hellwing (Lair:6)
  2 red devils (Lair:6)
  7 trolls
  2 tyrant leeches (Lair:3)
  A polar bear (Lair:6)
  2 hornets
  A bog body (Swamp:1)
  18 blink frogs
  7 dream sheep
  11 hippogriffs
  2 shadows
  4 wraiths (D:12)
  Grum (D:10)
  46 yaks
  2 basilisks
  A steam dragon (D:12)
  6 vampire mosquitoes (Swamp:1)
  A human (D:8)
  4 wargs
  2 swamp worms (Lair:3)
  An acid dragon (D:8)
  3 insubstantial wisps (Swamp:1)
  A naga (Lair:2)
  4 hell hounds (Lair:6)
  13 water moccasins
  5 sky beasts
  7 porcupines
  5 ice beasts
  26 orc warriors
  2 black bears
  10 ogres
  2 eyes of draining
  2 phantoms
  15 wolves
  6 centaurs
  9 crocodiles
  5 big kobolds
  A gnoll sergeant (D:7)
  15 bullfrogs
  A scorpion (D:6)
  6 wights
  3 killer bees (D:9)
  9 crimson imps
  3 bullfrog zombies
  A quasit (D:12)
  9 hounds
  A centaur zombie (D:11)
  4 jellies
  16 orc priests
  5 bullfrog skeletons
  15 orc wizards
  5 iguanas
  8 worker ants
  A killer bee zombie (D:10)
  A bullfrog simulacrum (D:10)
  A mummy (D:6)
  2 worker ant zombies
  5 gnolls
  3 howler monkey skeletons
  13 adders
  3 shadow imps
  An ooze (D:1)
  An adder zombie (D:9)
  An adder skeleton (D:4)
  5 worms
  2 dart slugs
  6 leopard geckos
  62 orcs
  A ball python (D:4)
  10 bats
  5 giant cockroaches
  6 goblins
  7 hobgoblins
  11 jackals
  4 quokkas
  2 frilled lizards
  20 kobolds
  A leopard gecko skeleton (D:9)
  8 rats
  3 fungi
  5 plants
619 creatures vanquished.

Vanquished Creatures (collateral kills)
  A big kobold (D:11)
1 creature vanquished.

Vanquished Creatures (others)
  Fannar (D:11)
  A deep elf mage (D:14)
  An orc wizard (Orc:2)
  A quokka (D:8)
  23 fungi
  12 plants
39 creatures vanquished.

Grand Total: 659 creatures vanquished

Notes
Turn   | Place    | Note
-------+----------+-------------------------------------------
     0 | D:1      | Kaiern the Hill Orc Fighter began the quest for the Orb.
     0 | D:1      | Reached XP level 1. HP: 19/19 MP: 1/1
   173 | D:1      | Reached XP level 2. HP: 27/27 MP: 2/2
   177 | D:1      | Reached skill level 4 in Fighting
   635 | D:1      | Reached XP level 3. HP: 34/34 MP: 3/3
  1014 | D:2      | Found a blossoming altar of Fedhas.
  1568 | D:2      | Found a bloodstained altar of Trog.
  2063 | D:3      | Reached XP level 4. HP: 41/41 MP: 4/4
  2112 | D:3      | Reached skill level 5 in Fighting
  2695 | D:3      | Found a burning altar of Makhleb.
  2705 | D:3      | Became a worshipper of Makhleb the Destroyer
  3034 | D:3      | Found an ornate altar of the Wu Jian Council.
  3372 | D:4      | Noticed an ogre
  3396 | D:4      | Reached skill level 5 in Axes
  3396 | D:4      | Reached XP level 5. HP: 28/48 MP: 5/5
  4212 | D:4      | Found an opulent altar of Gozag.
  4329 | D:4      | Reached XP level 6. HP: 38/56 MP: 6/6
  4574 | D:4      | Noticed Ijyb
  4932 | D:4      | Reached skill level 5 in Armour
  4932 | D:4      | Reached skill level 5 in Shields
  4932 | D:4      | Reached XP level 7. HP: 20/61 MP: 7/7
  5486 | D:4      | Reached * piety under Makhleb
  5691 | D:4      | Found a stormy altar of Qazlal.
  5763 | D:5      | Entered Level 5 of the Dungeon
  6227 | D:4      | HP: 2/61 [Ijyb/iceblast (8)]
  6862 | D:5      | Found an iron altar of Okawaru.
  6864 | D:5      | Found a shimmering altar of Xom.
  6864 | D:5      | Found an opulent altar of Gozag.
  6866 | D:5      | Found a bloodstained altar of Trog.
  6866 | D:5      | Found a shimmering altar of Xom.
  6866 | D:5      | Found a sacrificial altar of Ru.
  6983 | D:5      | Reached XP level 8. HP: 34/68 MP: 8/8
  7865 | D:6      | Found Bohobial's Gadget Boutique.
  7890 | D:6      | Found a snail-covered altar of Cheibriados.
  8020 | D:6      | Reached skill level 10 in Axes
  8079 | D:6      | Identified the +6 mace of the Extremely Mad {crush, +Blink
                  | rC+ MR- Dex+6}
  8416 | D:6      | Reached skill level 6 in Fighting
  8994 | D:7      | Reached XP level 9. HP: 78/78 MP: 9/9
  9150 | D:7      | Reached ** piety under Makhleb
  9263 | D:7      | Reached skill level 7 in Fighting
  9298 | D:7      | Found a staircase to the Ecumenical Temple.
 10092 | D:7      | Found a shimmering blue altar of Sif Muna.
 10210 | D:8      | Reached skill level 8 in Fighting
 10290 | D:8      | Noticed a two-headed ogre
 10302 | D:8      | Killed a two-headed ogre
 10302 | D:8      | Reached skill level 9 in Fighting
 10532 | D:8      | Found a shimmering altar of Xom.
 10533 | D:8      | Found a hazy altar of Hepliaklqana.
 10534 | D:8      | Noticed a spectral ugly thing
 11048 | D:8      | Reached XP level 10. HP: 91/91 MP: 10/10
 11152 | D:8      | Found a runed translucent gate.
 11152 | D:8      | Found a runed translucent gate.
 11152 | D:8      | Found a runed translucent gate.
 11156 | D:8      | Noticed H0rd4k's ghost (novice DEWz)
 11197 | D:8      | Found a hide-covered altar of Uskayaw.
 11500 | D:8      | Found a white marble altar of Elyvilon.
 11535 | D:8      | Found an ornate altar of the Wu Jian Council.
 11670 | D:8      | Got a pair of smoking gloves
 11679 | D:8      | Identified the +1 pair of gloves "Kilo" {+Blink Int+4
                  | Dex+10 Slay-4} (You found it on level 8 of the Dungeon)
 11863 | D:9      | Reached skill level 10 in Fighting
 11964 | D:9      | Reached *** piety under Makhleb
 12185 | D:9      | Found a runed translucent door.
 12185 | D:9      | Noticed peterlawrence's ghost (novice MiFi)
 12493 | D:10     | Entered Level 10 of the Dungeon
 12700 | D:10     | Reached skill level 11 in Fighting
 12876 | D:10     | Noticed Grum
 12941 | D:10     | Killed Grum
 12951 | D:10     | Found a staircase to the Lair.
 13255 | D:10     | Noticed a gargoyle
 13320 | D:9      | Reached **** piety under Makhleb
 13320 | D:9      | Reached XP level 11. HP: 57/102 MP: 11/11
 13886 | D:10     | Reached skill level 12 in Fighting
 13963 | D:10     | Noticed Psyche
 13994 | D:10     | Killed Psyche
 14207 | D:11     | Reached skill level 15 in Axes
 14260 | D:11     | Noticed a two-headed ogre
 14269 | D:11     | Killed a two-headed ogre
 14478 | D:11     | Found a runed translucent gate.
 14664 | D:11     | Found a runed translucent gate.
 14664 | D:11     | Found a runed translucent gate.
 14667 | D:11     | Noticed Jots's ghost (journeyman NaBe)
 14711 | D:11     | Noticed Fannar
 14735 | D:11     | Killed Fannar
 14735 | D:11     | Reached skill level 13 in Fighting
 15516 | D:12     | Reached XP level 12. HP: 113/115 MP: 12/12
 15533 | D:12     | Reached skill level 1 in Dodging
 15606 | D:12     | Noticed a six-headed hydra
 15619 | D:12     | Killed a one-headed hydra
 15647 | D:12     | Reached ***** piety under Makhleb
 15674 | D:12     | Noticed Nergalle
 15688 | D:12     | Killed Nergalle
 15688 | D:12     | Reached skill level 14 in Fighting
 15790 | D:12     | Noticed Josephine
 15814 | D:12     | Killed Josephine
 16339 | D:12     | Noticed a two-headed ogre
 16350 | D:12     | Killed a two-headed ogre
 16469 | D:12     | You fall into a shaft and drop 2 floors!
 16949 | D:13     | Reached skill level 15 in Fighting
 17067 | D:13     | Noticed a two-headed ogre
 17068 | D:13     | Noticed a two-headed ogre
 17085 | D:13     | Killed a two-headed ogre
 17120 | D:13     | Killed a two-headed ogre
 17120 | D:13     | Reached skill level 16 in Fighting
 17333 | D:13     | Found a gate to the Vaults.
 17452 | D:13     | Reached XP level 13. HP: 130/130 MP: 13/13
 17969 | D:12     | Found a staircase to the Orcish Mines.
 18124 | Lair:1   | Entered Level 1 of the Lair of Beasts
 18350 | Lair:1   | Reached skill level 5 in Dodging
 19082 | Lair:1   | Reached skill level 17 in Fighting
 19997 | Lair:2   | Found a staircase to the Snake Pit.
 20250 | Lair:2   | Noticed Gastronok
 20285 | Lair:2   | Killed Gastronok
 21464 | Lair:3   | Found a staircase to the Swamp.
 22003 | Lair:4   | Reached skill level 18 in Fighting
 23491 | Lair:4   | Reached ****** piety under Makhleb
 23494 | Lair:4   | Reached XP level 14. HP: 144/144 MP: 12/14
 23762 | Lair:5   | Reached skill level 10 in Shields
 24361 | Lair:6   | Entered Level 6 of the Lair of Beasts
 24406 | Lair:6   | Reached skill level 19 in Fighting
 24911 | Lair:6   | Reached skill level 20 in Fighting
 25133 | Lair:6   | Found a runed translucent door.
 25133 | Lair:6   | Noticed an azure jelly
 25134 | Lair:6   | Found a viscous altar of Jiyva.
 25134 | Lair:6   | Found a staircase to the Slime Pits.
 25642 | Lair:6   | Found a burning altar of Makhleb.
 26669 | Lair:6   | Found a gateway to Hell.
 26676 | Lair:6   | Identified the Almanac of Attacks and the Traveller
 26941 | D:10     | Noticed Maurice
 26949 | D:10     | Killed Maurice
 26999 | Orc:1    | Entered Level 1 of the Orcish Mines
 27766 | Orc:2    | Entered Level 2 of the Orcish Mines
 27798 | Orc:2    | Noticed a stone giant
 27827 | Orc:2    | Killed a stone giant
 27914 | Orc:2    | Reached skill level 21 in Fighting
 28125 | Orc:2    | Reached XP level 15. HP: 157/158 MP: 13/15
 28211 | Orc:2    | Noticed an orc warlord
 28316 | Orc:1    | Killed an orc warlord
 28576 | Orc:2    | Found a staircase to the Elven Halls.
 29755 | Orc:2    | Reached skill level 22 in Fighting
 29809 | Orc:2    | Found Uzumm's Magic Scroll Emporium.
 29809 | Orc:2    | Found Omuid's Distillery.
 29811 | Orc:2    | Found Zyirghan's Weapon Emporium.
 29811 | Orc:2    | Found Kisiudom's Book Boutique.
 29818 | Orc:2    | Bought a scroll of brand weapon for 260 gold pieces
 29818 | Orc:2    | Bought a scroll of identify for 26 gold pieces
 29818 | Orc:2    | Bought a scroll of teleportation for 39 gold pieces
 29818 | Orc:2    | Bought a scroll of identify for 26 gold pieces
 29818 | Orc:2    | Bought a scroll of teleportation for 39 gold pieces
 29818 | Orc:2    | Bought a scroll of brand weapon for 260 gold pieces
 29824 | Orc:2    | Bought a potion of heal wounds for 65 gold pieces
 29824 | Orc:2    | Bought a potion of curing for 39 gold pieces
 29824 | Orc:2    | Bought a potion of curing for 39 gold pieces
 29824 | Orc:2    | Bought a potion of heal wounds for 65 gold pieces
 30106 | Orc:1    | Noticed Erica
 30109 | Orc:1    | Found a roughly hewn altar of Beogh.
 30140 | Orc:1    | Killed Erica
 30385 | Orc:1    | Upgraded the game from 0.24.1-8-ga250c9d538 to
                  | 0.24.1-11-gbbbb2193e6
 30548 | Swamp:1  | Entered Level 1 of the Swamp
 30823 | Swamp:1  | Noticed Donald
 30870 | Swamp:1  | Killed Donald
 31432 | D:8      | Killed H0rd4k's ghost
 31503 | D:9      | Killed peterlawrence's ghost
 31712 | D:11     | Slain by Jots's ghost

Levels and vault maps discovered:
D:1:      dpeg_arrival_court, layout_rooms, serial_park_tiny_pond,
          grunt_decor_arrowhead
D:2:      layout_basic, fedhas_altar_2, lightli_temple_of_fire,
          corexii_item_surrounded_by_moat
D:3:      minmay_skewed_foursquare, layout_basic, marbit_many_paths,
          lemuel_round_altar, first_ration, grunt_ministairs_14, corexii_shack
D:4:      layout_basic, nicolae_gozag_seed_capital, overflow_temple_1_default,
          minmay_manual_mail, uniq_ijyb
D:5:      layout_basic, doesnt_xom_only_xom
D:6:      layout_cave_pools, slow_altar_1, serial_shops, kennysheep_little_box,
          serial_bayou_pond_d, centaur_isle
D:7:      kennysheep_orc_sif_temple, layout_basic, temple_hall, serial_glass,
          glass_columns_c, glass_columns_a, minivault_26
D:8:      layout_loops_corners, lemuel_crystal_altar, elyvilon_altar_4,
          regret_index_temple_of_mockery, ebering_ghost_rock_garden,
          basic_altar, grunt_pizzeria, minivault_19, grunt_decor_mini_mirrors,
          minivault_10
D:9:      layout_basic, gammafunk_ghost_grave
D:10:     layout_cave_pools, dpeg_oklobed_lair, hangedman_corner_corridor,
          uniq_psyche, uniq_maurice, uniq_grum
D:11:     layout_irregular_city, gammafunk_ghost_nasty_kobolds,
          hangedman_glass_teeth, uniq_fannar
D:12:     layout_loops_ring, orc_0_dummy, uniq_nergalle, uniq_josephine
D:13:     layout_basic, erik_vaults_1, minmay_misc_feat_pillars
D:14:     layout_long_grid, minmay_hedge_maze, uniq_agnes, uniq_kirke,
          uniq_rupert
Lair:1:   layout_regular_city, st_stairs_3, minmay_lair_oklob_chamber
Lair:2:   layout_roguey, guppyfry_snake_entry_garden,
          infiniplex_staircase_pool_2, lemuel_fruit_tree, grunt_megastairs_3,
          uniq_gastronok
Lair:3:   layout_chaotic_city, minmay_swamp_entry_worms, wad_woods_road_01,
          infiniplex_staircase_pool
Lair:4:   layout_layer_cave
Lair:5:   layout_loops_ring, grunt_megastairs_1
Lair:6:   evil_forest, layout_small_grid, slime_altar_2,
          chequers_serial_rivers_micro_d
Swamp:1:  layout_basic_swamp, gammafunk_ghost_grave,
          evilmike_swamp_ruin_house_4, uniq_donald, uniq_frances
Orc:1:    layout_caves, mines1_david, uniq_erica
Orc:2:    grunt_orc_tribal_feast, layout_caves, nicolae_orc_rockfall

Skill      XL: |  1  2  3  4  5  6  7  8  9 10 11 12 13 14 15 |
---------------+----------------------------------------------+-----
Axes           | 3 4 5 6 9 10 12 14 16 | 16.0
Fighting       | 4 5 6 9 11 13 16 18 21 22 | 22.4
Armour         | 4 5 6 7 |  7.0
Shields        | 4 5 6 7 9 10 | 10.0
Dodging        | 4 5 |  5.0

Action                   |  1- 3 |  4- 6 |  7- 9 | 10-12 | 13-15 || total
-------------------------+-------+-------+-------+-------+-------++-------
Melee: War axe           |   100 |   153 |    73 |       |    28 ||   354
       Hand axe          |       |       |   335 |   866 |  1585 ||  2786
       Demon trident     |       |       |       |       |    80 ||    80
Throw: Javelin           |     1 |     8 |    10 |    18 |     7 ||    44
       Stone             |       |     3 |     2 |       |     1 ||     6
       Dart              |       |       |       |    25 |    85 ||   110
Invok: Minor Destruction |       |       |       |     2 |     1 ||     3
       Lesser Servant of |       |       |       |       |     1 ||     1
       Greater Servant o |       |       |       |       |     1 ||     1
  Use: Scroll            |       |    11 |     6 |    10 |    17 ||    44
       Potion            |       |     1 |     6 |       |     9 ||    16
  Eat: Chunk             |     3 |     6 |     6 |    11 |    27 ||    53
       Ration            |       |     1 |     4 |     3 |     6 ||    14
Armor: Scale mail        |    69 |    52 |    81 |       |       ||   202
       Plate armour      |       |       |    22 |     7 |    35 ||    64
       Chain mail        |       |       |    16 |   282 |   604 ||   902
Dodge: Dodged            |    32 |    46 |    71 |   125 |   369 ||   643
Block: Shield            |    72 |    77 |   162 |   303 |   718 ||  1332
